Map: Frozen Temple

Players

ThisGameSuck - Winner!

  • Race: Protoss Protoss
  • League: Grandmaster

FireCake

  • Race: Protoss Protoss
  • League: Master

VOD

Have the link to the VOD?

Description

Time

  • Played on: June 29, 2016, 8:56 a.m.
  • Length: 8:17
Show
View Real Time Build Order
Export as new Build Order

ThisGameSuck Protoss - Winner!

Build Orders:  

Get SALT Encoding   

  12  0:01  Probe (Chrono Boost)  
  13  0:11  Probe (Chrono Boost)  
  14  0:17  Pylon  
  14  0:22  Probe (Chrono Boost)  
  16  0:35  Probe (Chrono Boost)  
  16  0:37  Gateway  
  16  0:46  Probe (Chrono Boost)  
  16  0:47  Assimilator  
  17  0:52  Assimilator  
  17  0:57  Probe (Chrono Boost)  
  18  1:05  Gateway  
  18  1:07  Probe (Chrono Boost)  
  20  1:18  Probe (Chrono Boost)  
  20  1:25  Cybernetics Core  
  20  1:29  Probe (Chrono Boost)  
  21  1:40  Probe (Chrono Boost)  
  21  1:41  Pylon  
  22  1:51  Probe (Chrono Boost)  
  24  2:01  Warp Gate (Chrono Boost), Probe (Chrono Boost)  
  24  2:02  Stalker  
  24  2:07  Stalker  
  28  2:14  Mothership Core  
  30  2:20  Pylon  
  30  2:35  Probe  
  31  2:39  Sentry  
  31  2:43  Sentry  
  35  2:51  Probe  
  35  2:56  Nexus  
  36  3:03  Probe  
  37  3:14  Robotics Facility  
  37  3:15  Probe  
  38  3:21  Pylon  
  38  3:28  Probe  
  39  3:39  Twilight Council  
  39  3:40  Probe (Chrono Boost)  
  40  3:49  Stalker x2  
  40  3:51  Probe (Chrono Boost)  
  45  4:01  Observer (Chrono Boost)  
  45  4:02  Probe  
  47  4:09  Probe  
  47  4:10  Pylon  
  47  4:14  Probe  
  49  4:19  Probe  
  49  4:21  Immortal (Chrono Boost)  
  54  4:26  Probe  
  54  4:31  Probe  
  55  4:35  Blink (Chrono Boost)  
  55  4:38  Probe  
  57  4:43  Probe  
  58  4:50  Probe  
  59  4:53  Immortal  
  59  4:55  Probe  
  64  5:02  Probe  
  64  5:06  Nexus  
  65  5:11  Probe  
  65  5:13  Pylon  
  66  5:15  Assimilator  
  66  5:17  Probe  
  67  5:21  Assimilator  
  67  5:23  Probe  
  68  5:29  Probe  
  68  5:30  Immortal  
  68  5:32  Pylon  
  73  5:35  Probe  
  73  5:42  Gateway  
  75  5:46  Gateway  
  74  5:51  Gateway  
  74  5:54  Gateway  
  74  5:58  Gateway  
  74  6:02  Phoenix  
  74  6:03  Gateway  
  74  6:06  Sentry x2  
  74  6:08  Warp Prism  
  80  6:18  Pylon  
  80  6:20  Probe  
  80  6:22  Pylon, Probe  
  80  6:25  Probe  
  83  6:31  Sentry x2, Phoenix  
  83  6:32  Probe  
  88  6:34  Probe  
  88  6:37  Probe  
  90  6:43  Pylon  
  90  6:44  Probe  
  90  6:46  Probe  
  92  6:50  Forge  
  92  6:52  Gateway  
  92  6:56  Gateway  
  92  7:10  Sentry x2  
  92  7:11  Stalker x3  
  102  7:18  Stalker x2  
  102  7:20  Probe x3  
  109  7:22  Assimilator  
  109  7:24  Pylon  
  99  7:33  Stalker x4  
  90  7:47  Stalker  
  90  7:48  Stalker x2  
  90  7:57  Stalker  
  90  7:58  Stalker x2  
  92  8:11  Stalker  
  92  8:12  Stalker x4  
Show
View Real Time Build Order
Export as new Build Order

FireCake Protoss 

Build Orders:  

Get SALT Encoding   

  12  0:01  Probe (Chrono Boost)  
  13  0:11  Probe (Chrono Boost)  
  14  0:17  Pylon  
  14  0:22  Probe (Chrono Boost)  
  15  0:35  Probe (Chrono Boost)  
  16  0:40  Gateway  
  16  0:46  Probe (Chrono Boost)  
  17  0:53  Assimilator  
  17  0:56  Probe (Chrono Boost)  
  18  1:07  Gateway, Probe (Chrono Boost)  
  19  1:14  Assimilator  
  19  1:17  Probe (Chrono Boost)  
  20  1:27  Cybernetics Core  
  20  1:29  Probe (Chrono Boost)  
  22  1:40  Probe (Chrono Boost)  
  22  1:41  Pylon  
  22  1:50  Probe (Chrono Boost)  
  23  2:03  Stalker x2  
  23  2:07  Mothership Core (Chrono Boost)  
  29  2:21  Pylon  
  29  2:38  Pylon  
  29  2:47  Nexus  
  29  2:51  Warp Gate (Chrono Boost)  
  29  2:57  Stalker  
  31  3:05  Stalker  
  33  3:18  Robotics Facility  
  33  3:28  Probe (Chrono Boost)  
  34  3:42  Probe  
  34  3:48  Pylon  
  35  3:50  Stalker x2  
  35  3:55  Probe  
  40  4:05  Observer (Chrono Boost)  
  40  4:07  Probe  
  40  4:08  Probe  
  43  4:15  Twilight Council  
  43  4:17  Probe  
  43  4:19  Pylon  
  43  4:20  Probe  
  45  4:32  Immortal (Chrono Boost)  
  45  4:36  Probe (Chrono Boost)  
  50  4:39  Probe (Chrono Boost)  
  51  4:46  Probe (Chrono Boost)  
  51  4:48  Probe (Chrono Boost)  
  51  4:51  Blink (Chrono Boost)  
  53  4:58  Probe x2  
  55  5:04  Pylon  
  55  5:10  Immortal, Probe  
  60  5:17  Probe  
  61  5:22  Probe  
  61  5:27  Probe  
  61  5:35  Robotics Bay  
  62  5:40  Nexus, Probe  
  62  5:41  Probe  
  64  5:44  Assimilator  
  64  5:46  Assimilator  
  64  5:50  Probe  
  65  5:59  Pylon  
  65  6:02  Observer  
  66  6:05  Pylon  
  66  6:06  Stalker x2  
  66  6:07  Probe  
  66  6:08  Pylon, Probe  
  72  6:18  Pylon, Probe  
  72  6:20  Probe  
  72  6:22  Disruptor (Chrono Boost)  
  77  6:35  Probe  
  77  6:37  Probe  
  79  6:46  Assimilator, Probe  
  79  6:47  Assimilator  
  79  6:49  Probe  
  79  6:50  Pylon  
  81  6:55  Disruptor (Chrono Boost)  
  81  6:56  Gateway  
  81  6:58  Gateway x2  
  82  7:10  Probe  
  82  7:11  Probe  
  84  7:26  Disruptor (Chrono Boost)  
  72  7:33  Stalker x2  
  64  7:56  Stalker x4  
Tags
 
Add a new tag
Caveats
  • Supply blocks, unpowered buildings, or Contaminate may cause inaccurate times.
  • Supply counts are checked every 10 seconds.